 Dungeon Crawl Stone Soup version 0.31-a0-716-gc7603755dd (webtiles) character file.

Game seed: 5925435735217609042

65 Descartes the Gusty (level 3, -7/19 HPs)
             Began as a Deep Elf Wanderer on Sept 10, 2023.
             Killed by divine providence
             ... invoked by an orc priest
              (13 damage)
             ... on level 3 of the Dungeon.
             The game lasted 00:06:24 (2160 turns).

Descartes the Gusty (Deep Elf Wanderer)             Turns: 2160, Time: 00:06:25

Health: -7/19      AC:  4    Str:  9    XL:     3   Next: 94%
Magic:  3/9        EV: 12    Int: 18    God:
Gold:   50         SH:  0    Dex: 14    Spells: 6/8 levels left

rFire   . . .        a - +0 dagger
rCold   . . .        (no shield)
rNeg    . . .        c - +0 robe
rPois   .            d - +0 helmet
rElec   .            p - +0 cloak
rCorr   .            (no gloves)
SInv    .            (no boots)
Will    .....        k - amulet of regeneration
Stlth   +            (no ring)
HPRegen 1.03/turn    (no ring)
MPRegen 0.11/turn

%: no passive effects
@: no status effects
A: no striking features
a: no special abilities


You were on level 3 of the Dungeon.
You visited 1 branch of the dungeon, and saw 3 of its levels.

You collected 50 gold pieces.

Inventory:

Hand Weapons
 a - a +0 dagger (weapon)
Missiles
 i - 6 javelins
Armour
 c - a +0 robe (worn)
 d - a +0 helmet (worn)
 n - a +0 kite shield
 p - a +0 cloak (worn)
Jewellery
 k - an amulet of regeneration (around neck)
Scrolls
 b - a scroll of blinking
 e - 2 scrolls of teleportation
 g - 2 scrolls of brand weapon {unknown}
 h - a scroll of summoning {unknown}
 m - a scroll of noise {unknown}
 q - a scroll of poison {unknown}
 r - a scroll of immolation {unknown}
 s - a scroll of silence {unknown}
Potions
 f - a potion of enlightenment
 j - a potion of heal wounds {unknown}
 l - 2 potions of curing
 o - a potion of cancellation {unknown}


   Skills:
 - Level 1.0 Throwing
 - Level 2.4 Dodging
 * Level 0.9 Shields
 - Level 3.0 Spellcasting
 + Level 1.7 Conjurations
 + Level 1.5 Fire Magic
 + Level 3.4 Air Magic
 + Level 2.9 Poison Magic


You had 6 spell levels left.
You knew the following spells:

 Your Spells              Type           Power      Damage    Failure   Level
a - Shock                 Conj/Air       44%        1d5       6%          1
b - Sting                 Tmut/Pois      28%        1d4       9%          1

Your spell library contained the following spells:

 Spells                   Type           Power      Damage    Failure   Level
 Cigotuvi's Dreadful Rot  Necr/Pois/Air  20%        N/A       11%         2
 Summon Small Mammal      Summ           8%         N/A       16%         1
 Ignite Poison            Fire/Tmut/Pois 8%         N/A       26%         3
 Call Canine Familiar     Summ           2%         N/A       43%         3
 Summon Guardian Golem    Hex/Summ       2%         N/A       43%         3
 Vhi's Electric Charge    Tloc/Air       16%        N/A       63%         4


Dungeon Overview and Level Annotations

Branches:
Dungeon (3/15)

Altars:


Message History

The orc priest looks even sicker.
The orc priest barely misses you.
Casting: Sting (safe; 9% risk of failure)
Confirm with . or Enter, or press ? or * to list all spells.
Aiming: Sting (safe; 9% risk of failure)
Press: ? - help, Shift-Dir - straight line, f/p - orc priest
Aim: an orc priest, wielding a +0 club and wearing a +0 ring mail (lightly wounded, very poisoned, 72% to hit)
The sting hits the orc priest but does no damage.
The orc priest looks even sicker.
The orc priest is lightly wounded.
The orc priest mumbles some strange prayers to Beogh against you.
Beogh smites you!
Ouch! That really hurt!
Casting: Sting (safe; 9% risk of failure)
Confirm with . or Enter, or press ? or * to list all spells.
Aiming: Shock (safe; 6% risk of failure)
Press: ? - help, Shift-Dir - straight line, f/p - orc priest
Aim: an orc priest, wielding a +0 club and wearing a +0 ring mail (heavily wounded, very poisoned, 72% to hit)
The zap hits the orc priest but does no damage.
The orc priest is heavily wounded.
The orc priest hits you with a +0 club.
* * * LOW HITPOINT WARNING * * *
Casting: Shock (safe; 6% risk of failure)
Confirm with . or Enter, or press ? or * to list all spells.
Aiming: Sting (safe; 9% risk of failure)
Press: ? - help, Shift-Dir - straight line, f/p - orc priest
Aim: an orc priest, wielding a +0 club and wearing a +0 ring mail (severely wounded, very poisoned, 72% to hit)
The sting hits the orc priest but does no damage.
The orc priest looks as sick as possible!
The orc priest is severely wounded.
The orc priest hits you but does no damage.
Casting: Sting (safe; 9% risk of failure)
Confirm with . or Enter, or press ? or * to list all spells.
Aiming: Sting (safe; 9% risk of failure)
Press: ? - help, Shift-Dir - straight line, f/p - orc priest
Aim: an orc priest, wielding a +0 club and wearing a +0 ring mail (severely wounded, extremely poisoned, 72% to hit)
The sting misses the orc priest.
The orc priest mumbles some strange prayers to Beogh against you.
Beogh smites you!
Ouch! That really hurt!
You die...

###.# #.##.# #.### #.##.#
#...# #.##.# #.#.## #.##.#
###....########.##.##########
...>........... #..†.......#
.##....######## ##########.#
.##...############ #.#
.##.#.##..(...[o@# #.##
.........#######.# #).#
....#.#### #.# ##.# ..##..#
########.#### #.# #.#.#.#
#...........# #.# ...##.#
#.####.####.# #.# #)###.# #.#
#.# #.# ..# #.# #.# #.# #.#
### #.# #.# #.# #.#


You could see an orc priest (extremely poisoned).

Vanquished Creatures
  2 adders
  2 orcs (D:3)
  4 endoplasms
  2 giant cockroaches (D:1)
  4 hobgoblins
  3 jackals (D:1)
  9 kobolds
  A quokka (D:1)
  7 ball pythons
  4 frilled lizards
  2 goblins (D:2)
  4 rats
44 creatures vanquished.

Notes
Turn   | Place    | Note
-------+----------+-------------------------------------------
     0 | D:1      | Descartes the Deep Elf Wanderer began the quest for the
                  | Orb.
     0 | D:1      | Descartes set off with the following items: a +0 dagger, a
                  | scroll of blinking, a +0 robe, a +0 helmet; and the
                  | following spells available to memorise: Shock, Sting,
                  | Cigotuvi's Dreadful Rot, Ignite Poison, Vhi's Electric
                  | Charge.
     0 | D:1      | Reached XP level 1. HP: 10/10 MP: 6/6
     2 | D:1      | Learned a level 1 spell: Shock
     4 | D:1      | Learned a level 1 spell: Sting
   117 | D:1      | Reached XP level 2. HP: 7/15 MP: 0/8
   231 | D:1      | Reached skill level 1 in Fire Magic
   350 | D:1      | Reached skill level 1 in Conjurations
  1067 | D:2      | Reached XP level 3. HP: 19/19 MP: 6/9
  1517 | D:2      | Found a faded altar of an unknown god.
  2160 | D:3      | Killed from afar by an orc priest

Illustrated notes

Levels and vault maps discovered:
D:1:      dpeg_arrival_more_subterranean_lakeside_camping, layout_basic,
          dreamdust_princess_bridge, nicolae_titane
D:2:      layout_loops_cross, hellmonk_ecumenical_altar_arch_garden
D:3:      layout_loops_ring, ebering_ghost_sewer_f

Skill      XL: |  1  2 |
---------------+-------+-----
Fire Magic     | 1 |  1.5
Conjurations   | 1 |  1.7
Throwing       | |  1.0
Dodging        | |  2.4
Shields        | |  0.9
Spellcasting   | |  3.0
Air Magic      | |  3.4
Poison Magic   | |  2.9

Action                     || total
---------------------------++-------
  Melee: Dagger            ||     5
   Cast: Shock             ||    63
         Sting             ||    32
    Use: Scroll            ||     3
 Armour: Robe              ||    28
  Dodge: Dodged            ||    29

Table legend: (Time is in decaauts)
 A = Elapsed time spent in this place.
 B = Non-inter-level travel time spent in this place.
 C = Inter-level travel time spent in this place.
 D = Time resting spent in this place.
 E = Time spent auto-exploring this place.
 F = Levels seen in this place.
 G = Mean time per level.
                   A        B        C        D        E       F      G
               +--------+--------+--------+--------+--------+-----+--------+
         Total |   2162 |   2091 |     71 |      0 |   1782 |   3 |  720.7 |
       Dungeon |   2162 |   2091 |     71 |      0 |   1782 |   3 |  720.7 |
               +--------+--------+--------+--------+--------+-----+--------+

Top non-repeatable levels by time:
     D:1: 1014 daAuts
     D:2: 944 daAuts
     D:3: 203 daAuts
